 Dungeon Crawl Stone Soup version 0.28.0-43-g3370ac3207 (webtiles) character file.

Game seed: 398123241253544271

1066 demenzo the Cleaver (level 8, -4/65 (71) HPs)
             Began as a Hill Orc Cinder Acolyte on Mar 10, 2022.
             Was a Priest of Ignis.
             Slain by a wight
             ... wielding a +3 scimitar
              (8 damage)
             ... in a sewer.
             The game lasted 00:08:09 (5813 turns).

demenzo the Cleaver (Hill Orc Cinder Acolyte)       Turns: 5813, Time: 00:08:10

HP:   -4/65 (71)    AC: 11    Str: 19    XL:     8   Next: 28%
MP:   9/9           EV:  7    Int: 14    God:    Ignis [***...]
Gold: 34            SH:  5    Dex:  6    Spells: 9/9 levels left

rFire   + . .      SeeInvis .   b - +1 battleaxe (vorpal)
rCold   . . .      Faith    .   (shield currently unavailable)
rNeg    . . .      Spirit   .   y - +0 chain mail
rPois   .          Reflect  +   p - +1 helmet
rElec   .          Harm     .   (no cloak)
rCorr   .          Rampage  .   (no gloves)
Will    .....                   (no boots)
Stlth   ..........              q - amulet of reflection
HPRegen 0.20/turn               (no ring)
MPRegen 0.11/turn               (no ring)

@: hasted, drained, very quick
A: no striking features
a: Renounce Religion, Fiery Armour, Foxfire Swarm, Rising Flame


You were in a sewer.
You worshipped Ignis.
Ignis was most pleased with you.
You visited 1 branch of the dungeon, and saw 5 of its levels.
You also visited: Sewer.

You collected 201 gold pieces.
You spent 167 gold pieces at shops.

Inventory:

Hand Weapons
 a - a -1 hand axe of flaming
 b - a +1 vorpal battleaxe (weapon)
Missiles
 j - 23 sling bullets
 k - 115 stones (quivered)
 n - 37 bolts
 r - 5 javelins
 t - 2 poisoned darts
Armour
 f - a +0 pair of gloves
 p - a +1 helmet (worn)
 y - a +0 chain mail (worn)
Jewellery
 q - an amulet of reflection (around neck)
Wands
 x - a wand of flame (14)
Scrolls
 d - a scroll of acquirement {unknown}
 e - a scroll of enchant weapon {unknown}
 h - 4 scrolls of teleportation
 s - a scroll of fear
Potions
 c - a potion of magic
 g - 2 potions of attraction
 i - a potion of heal wounds {unknown}
 l - 2 potions of haste
 o - a potion of resistance {unknown}
 u - a potion of brilliance {unknown}
 v - a potion of degeneration {unknown}
 w - a potion of curing {unknown}


   Skills:
 + Level 6.7 Fighting
 * Level 9.8 Axes
 + Level 4.2 Armour
 - Level 1.3 Shields
 - Level 1.0 Spellcasting
 - Level 3.2 Fire Magic


You had 9 spell levels left.
You didn't know any spells.
Your spell library contained the following spells:

 Spells                   Type           Power      Damage    Failure   Level
 Scorch                   Fire           18%        2d6       75%         2
 Sandblast                Erth           0%         2d4       96%         1
 Slow                     Hex            0%         N/A       96%         1
 Passwall                 Tmut/Erth      0%         N/A       99%         2
 Confusing Touch          Hex            0%         N/A       100%        3
 Stone Arrow              Conj/Erth      0%         3d7       100%        3
 Vampiric Draining        Necr           0%         2d6       100%        3
 Flame Wave               Conj/Fire      5%         2d5       100%        4
 Summon Cactus Giant      Summ           0%         N/A       100%        6


Dungeon Overview and Level Annotations

Branches:
Dungeon (5/15)              Sewer (1/1)
 Temple: D:4-7

Altars:

Shops:
D:4 (


Message History

Aiming: Paralyse
Press: ? - help, Shift-Dir - straight line, f - wight
Aim: a wight, wielding a +3 scimitar and wearing a +0 robe (chance to affect: 49%)
The wight resists with some effort.
Aiming: Paralyse
Press: ? - help, Shift-Dir - straight line, f/p - wight
Aim: a wight, wielding a +3 scimitar and wearing a +0 robe (chance to affect: 49%)
The wight resists with some effort.
The now-empty wand crumbles to dust.
The wight barely misses you.
Unknown command.
Okay, then.
You hit the wight but do no damage. The wight hits you with a +3 scimitar.
You feel drained. The wight closely misses you.
You hit the wight but do no damage. The wight barely misses you.
You barely miss the wight. The wight hits you with a +3 scimitar!
* * * LOW HITPOINT WARNING * * *
You feel drained.
You hit the wight.
The wight is lightly damaged.
The wight hits you with a +3 scimitar.
* * * LOW HITPOINT WARNING * * *
You feel drained.
You barely miss the wight.
The wight is lightly damaged.
The wight completely misses you.
You feel yourself speed up. The wight hits you with a +3 scimitar.
* * * LOW HITPOINT WARNING * * *
You feel drained.
* * * LOW HITPOINT WARNING * * *
Unknown command.
Okay, then.
Unknown command.
Unknown command.
You hit the wight.
The wight is heavily damaged.
You block the wight's attack.
You closely miss the wight.
The wight is heavily damaged.
The wight hits you with a +3 scimitar!
You die...

...'.......'...
...'.⌠._.⌠.'...
.'.......'. ...⌠...
#)))#
#######'#############
≈≈≈≈≈#...#≈≈≈≈≈≈#≈≈≈#
.≈≈≈≈≈...z.≈≈≈.≈≈≈≈≈≈#
......#..@#..)...#
'#######≈#######'#
.....#≈≈≈#......#
≈.≈..#≈≈≈#..≈≈≈≈#
≈≈≈≈...≈....≈≈≈≈#
≈≈≈≈≈≈#...#≈≈≈≈≈≈#
≈≈≈≈≈≈#...≈≈≈≈≈≈≈#
#≈≈≈≈≈≈#).)#≈≈≈≈≈≈#
#≈≈≈≈≈≈≈...#≈≈≈≈≈≈#


You could see a wight.

Vanquished Creatures
  Grinder (Sewer)
  A sky beast (D:5)
  An ogre (D:4)
  A phantom (D:4)
  A kobold brigand (Sewer)
  3 killer bees (D:5)
  A howler monkey (D:5)
  2 hounds
  An orc priest (D:4)
  An iguana (D:5)
  An orc wizard (D:4)
  A gnoll (D:1)
  8 adders
  2 shadow imps (Sewer)
  3 ufetubi
  An adder zombie (D:4)
  An adder skeleton (D:4)
  2 worms (D:3)
  A dart slug (D:2)
  7 orcs
  8 bats
  8 endoplasms
  9 giant cockroaches
  5 goblins
  7 hobgoblins
  15 kobolds
  4 quokkas
  5 ball pythons
  7 frilled lizards
  3 kobold zombies (Sewer)
  2 rats (D:1)
113 creatures vanquished.

Vanquished Creatures (others)
  16 foxfires (D:5)
16 creatures vanquished.

Grand Total: 129 creatures vanquished

Notes
Turn   | Place    | Note
-------+----------+-------------------------------------------
     0 | D:1      | demenzo the Hill Orc Cinder Acolyte began the quest for the
                  | Orb.
     0 | D:1      | Reached XP level 1. HP: 19/19 MP: 2/2
     2 | D:1      | Found a faded altar of an unknown god.
    59 | D:1      | Reached XP level 2. HP: 13/27 MP: 3/3
   314 | D:1      | Reached skill level 5 in Axes
   420 | D:1      | Reached XP level 3. HP: 33/33 MP: 4/4
  1536 | D:2      | Reached XP level 4. HP: 23/41 MP: 5/5
  2310 | D:3      | Reached skill level 6 in Axes
  3562 | D:3      | Reached XP level 5. HP: 43/47 MP: 6/6
  3606 | D:4      | Reached skill level 1 in Armour
  4134 | D:4      | Noticed a phantom
  4156 | D:4      | Killed a phantom
  4157 | D:4      | Reached skill level 5 in Fighting
  4157 | D:4      | Reached skill level 7 in Axes
  4157 | D:4      | Reached skill level 1 in Shields
  4157 | D:4      | Reached XP level 6. HP: 17/56 MP: 7/7
  4421 | D:4      | Found Guwal's Weapon Shoppe.
  4434 | D:4      | Bought a +1 vorpal battleaxe for 167 gold pieces
  4911 | D:5      | Entered Level 5 of the Dungeon
  5029 | D:5      | Reached XP level 7. HP: 48/61 MP: 8/8
  5031 | D:5      | Reached skill level 8 in Axes
  5147 | D:5      | Found a glowing drain.
  5170 | Sewer    | Entered a sewer
  5638 | Sewer    | Reached skill level 9 in Axes
  5658 | Sewer    | Found an ancient bone altar of Kikubaaqudgha.
  5664 | Sewer    | Noticed Grinder
  5666 | Sewer    | Reached XP level 8. HP: 45/70 MP: 9/9
  5672 | Sewer    | Paralysed by Grinder for 2 turns
  5677 | Sewer    | HP: 2/71 [Grinder/nerve-wracking pain (10)]
  5678 | Sewer    | Killed Grinder
  5813 | Sewer    | Slain by a wight

Illustrated notes

Levels and vault maps discovered:
D:1:      psy_arrival_whirlpool, layout_basic, ebering_ecumenical_altar_mist,
          minmay_hexomino_c4
D:2:      layout_loops_ring
D:3:      layout_loops_corners
D:4:      layout_cave_pools, serial_shops, nicolae_square_shop,
          grunt_ministairs_13, chequers_serial_rivers_micro_b
D:5:      layout_loops_cross, temple_statues, cheibrodos_sewer_entry_sluice
Sewer:    kennysheep_sewer_church

Skill      XL: |  1  2  3  4  5  6  7  8 |
---------------+-------------------------+-----
Fighting       | 4 5 6 |  6.7
Axes           | 5 6 7 9 |  9.8
Armour         | 1 2 3 4 |  4.2
Shields        | 1 |  1.3
Spellcasting   | |  1.0
Fire Magic     | |  3.2

Action                   |  1- 3 |  4- 6 |  7- 9 || total
-------------------------+-------+-------+-------++-------
Melee: Hand axe          |    96 |   170 |       ||   266
       Punch             |     1 |     2 |       ||     3
       Battleaxe         |       |    39 |    78 ||   117
Invok: Fiery Armour      |     1 |     1 |     2 ||     4
       Foxfire Swarm     |       |       |     1 ||     1
Evoke: Wand              |       |       |     2 ||     2
  Use: Scroll            |       |     6 |     1 ||     7
       Potion            |       |       |     1 ||     1
Armor: Robe              |     8 |       |       ||     8
       Leather armour    |    21 |     4 |       ||    25
       Scale mail        |       |    64 |       ||    64
       Chain mail        |       |    37 |    52 ||    89
Dodge: Dodged            |    59 |    82 |    31 ||   172
Block: Kite shield       |       |     7 |       ||     7
       Other             |       |    12 |    30 ||    42
